 Dungeon Crawl Stone Soup version 0.26.0-10-g1f06aea511 (webtiles) character file.

Game seed: 15821345603687627892

4102 Amaterasu the Martial Artist (level 10, -11/79 HPs)
             Began as an Octopode Transmuter on Jan 25, 2021.
             Was a Priest of Cheibriados.
             Killed from afar by an electric eel (12 damage)
             ... with a bolt of electricity
             ... on level 8 of the Dungeon.
             The game lasted 00:33:55 (11910 turns).

Amaterasu the Martial Artist (Octopode Transmuter) Turns: 11910, Time: 00:33:55

Health: -11/79     AC:  7    Str: 22    XL:     10   Next: 26%
Magic:  10/14      EV: 16    Int: 25    God:    Cheibriados [***...]
Gold:   394        SH:  0    Dex: 18    Spells: 5/15 levels left

rFire    x . .     SeeInvis +     - Unarmed
rCold    + + +     Faith    .   (shield currently unavailable)
rNeg     . . .     Spirit   .   (helmet currently unavailable)
rPois    +         Reflect  .   (no amulet)
rElec    .         Harm     .   l - ring of see invisible
rCorr    +         Rampage  .   r - ring of resist corrosion
Will     +....                  t - +4 ring of evasion
Stlth    ++........             m - ring of willpower
HPRegen  0.23/turn              o - +6 ring of strength
MPRegen  0.14/turn              (no ring)
                                (no ring)
                                (no ring)

@: about to teleport, ice-form, very slow
A: large, almost no armour, stealthy swim, amphibious, 8 rings, (constrict 8)
a: End Transformation, Renounce Religion, Bend Time, Temporal Distortion


You were on level 8 of the Dungeon.
You worshipped Cheibriados.
Cheibriados was most pleased with you.
You were a creature of crystalline ice.
You visited 2 branches of the dungeon, and saw 9 of its levels.

You collected 394 gold pieces.

Inventory:

Missiles
 f - 16 poisoned darts (quivered)
 q - 3 curare-tipped darts
Jewellery
 l - a ring of see invisible (left front paw)
 m - a ring of willpower (on tentacle)
 o - a +6 ring of strength (on tentacle)
 r - a ring of resist corrosion (right front paw)
 t - a +4 ring of evasion (on tentacle)
Scrolls
 a - a scroll of immolation
 j - 2 scrolls of amnesia
 u - a scroll of enchant armour
 v - a scroll of remove curse
 w - a scroll of teleportation
 x - 2 scrolls of identify
 A - a scroll of holy word {unknown}
Potions
 b - a potion of brilliance
 c - a potion of invisibility
 d - a potion of curing
 e - 2 potions of might {unknown}
 g - 3 potions of flight
 h - 3 potions of attraction {unknown}
 i - a potion of lignification
 k - 2 potions of heal wounds {unknown}
 n - a potion of cancellation {unknown}
 p - 2 potions of ambrosia {unknown}
 s - a potion of magic {unknown}
 z - a potion of mutation {unknown}


   Skills:
 * Level 5.2 Fighting
 - Level 4.0 Dodging
 * Level 9.8 Unarmed Combat
 - Level 3.0 Spellcasting
 * Level 6.2 Transmutations
 * Level 4.5 Ice Magic
 - Level 2.0 Poison Magic
 * Level 4.4 Invocations


You had 5 spell levels left.
You knew the following spells:

 Your Spells              Type           Power        Failure   Level
a - Beastly Appendage     Tmut           68%          1%          1
b - Wereblood             Tmut           34%          1%          2
c - Spider Form           Tmut/Pois      12%          5%          3
d - Ice Form              Ice/Tmut       30%          11%         4

Your spell library contained the following spells:

 Spells                   Type           Power        Failure   Level
 Shock                    Conj/Air       12%          10%         1
 Swiftness                Air            3%           16%         2
 Blade Hands              Tmut           17%          22%         5
 Petrify                  Tmut/Erth      19%          28%         4
 Confusing Touch          Hex            3%           30%         3
 Gell's Gravitas          Tloc           1%           30%         3
 Static Discharge         Conj/Air       3%           30%         3
 Yara's Violent Unravell  Hex/Tmut       9%           61%         5
 Airstrike                Air            1%           69%         4
 Metabolic Englaciation   Hex/Ice        7%           73%         5
 Lightning Bolt           Conj/Air       1%           95%         5


Dungeon Overview and Level Annotations

Branches:
Dungeon (8/15)             Temple (1/1) D:6            Lair (0/6) D:8

Altars:
Ashenzari
Cheibriados
Dithmenos
Elyvilon
Fedhas
Gozag
Hepliaklqana
Kikubaaqudgha
Makhleb
Okawaru
Qazlal
Ru
Sif Muna
Trog
Uskayaw
Vehumet
Wu Jian
Xom
Yredelemnul
Zin
The Shining One

Shops:
D:4 [   D:7 =

Annotations:
D:3 1 exclusion
D:6 Prince Ribbit, Sigmund
D:7 Maggie
D:8 2 transporters, 2 exclusions


Innate Abilities, Weirdness & Mutations

You cannot wear most types of armour.
You are very stealthy in the water. (Stealth+)
You are amphibious.
You can wear up to eight rings at the same time.
((You can use your tentacles to constrict eight enemies at once.))
((Your skin changes colour to match your surroundings (Stealth+).))
((Your rubbery body absorbs attacks. (AC +1, EV +1)))


Message History

You kill the electric eel!
Cheibriados thoroughly appreciates the change of pace.
The electric eel shoots out a bolt of lightning at you!
The bolt of electricity hits the electric eel.
The electric eel completely resists.
The bolt of electricity misses you.
The electric eel shoots out a bolt of lightning at you!
The bolt of electricity misses you.
Unknown command.
You hit the electric eel. You freeze the electric eel.
The electric eel is heavily wounded.
The electric eel shoots out a bolt of lightning at you!
The bolt of electricity hits you!
* * * LOW HITPOINT WARNING * * *
The electric eel shoots out a bolt of lightning at you!
The bolt of electricity hits the electric eel.
The electric eel completely resists.
The bolt of electricity misses you.
The electric eel shoots out a bolt of lightning at you!
The bolt of electricity hits the electric eel.
The electric eel completely resists.
The bolt of electricity hits you!
You die...

## ...(;≈$≈≈ ...≈. #.>#
# #.≈.(((≈≈.≈≈≈≈≈ ##.. #
#≈..≈(≈≈≈≈≈≈≈.. ##.
#≈≈≈≈≈≈≈≈;≈≈≈.. #.
#≈≈≈≈≈.;.;.≈≈≈≈ ##
#≈≈≈≈≈≈....≈≈≈.. #
#≈≈≈≈≈≈.>.≈.≈≈≈.#
#≈≈≈≈;;....≈≈≈≈.#
#≈≈≈≈≈;Y...≈≈≈..#####
#.≈≈≈≈.≈.≈.≈≈≈......####
#..≈≈≈≈≈..≈≈≈.......##..
#..≈≈≈≈≈.≈≈≈≈[..........
#....≈≈≈.≈≈≈≈≈....#####.
#...≈≈≈≈.≈≈≈≈≈(.### #..
#.≈≈.≈≈≈.≈.≈≈≈≈.# ##..
#..≈≈≈≈≈.≈.≈≈...# #...
≈..$≈....# ##...


You could see 6 electric eels.

Vanquished Creatures
  A two-headed ogre (D:8)
  A troll (D:8)
  An orc warrior (D:6)
  An ice beast (D:8)
  A phantom (D:4)
  4 ogres
  4 centaurs
  2 wolves (D:8)
  2 bullfrogs
  3 gnoll sergeants (D:7)
  2 scorpions
  2 wyvern skeletons
  5 killer bees (D:7)
  3 howler monkeys (D:8)
  An electric eel (D:8)
  A bullfrog zombie (D:6)
  A quasit (D:8)
  2 centaur skeletons
  2 orc priests
  2 bullfrog skeletons (D:7)
  2 gnoll shamans (D:7)
  8 hounds
  A jelly (D:5)
  2 orc wizards (D:6)
  2 iguanas
  2 worker ants (D:5)
  A hound skeleton (D:7)
  27 gnolls
  2 howler monkey skeletons
  5 adders
  3 shadow imps
  A white imp (D:5)
  An ufetubus (D:5)
  2 oozes
  2 adder zombies
  An adder skeleton (D:8)
  A worm (D:2)
  3 dart slugs
  3 leopard geckos
  19 orcs
  3 giant cockroaches
  5 goblins
  5 hobgoblins
  16 jackals
  4 quokkas
  A ball python (D:6)
  9 bats
  2 frilled lizards
  A jackal skeleton (D:6)
  6 kobolds
  A quokka skeleton (D:8)
  6 rats
188 creatures vanquished.

Notes
Turn   | Place    | Note
-------+----------+-------------------------------------------
     0 | D:1      | Amaterasu the Octopode Transmuter began the quest for the
                  | Orb.
     0 | D:1      | Reached XP level 1. HP: 13/13 MP: 3/3
    43 | D:1      | Reached XP level 2. HP: 12/18 MP: 3/5
   746 | D:1      | Reached XP level 3. HP: 21/23 MP: 6/6
   749 | D:1      | Learned a level 2 spell: Wereblood
   753 | D:1      | Learned a level 3 spell: Spider Form
  1593 | D:2      | Reached skill level 4 in Unarmed Combat
  1657 | D:2      | Found a stormy altar of Qazlal.
  1657 | D:2      | Found a faded altar of an unknown god.
  2043 | D:3      | Reached XP level 4. HP: 28/28 MP: 5/7
  2331 | D:3      | Reached skill level 1 in Poison Magic
  3364 | D:2      | Found a shimmering altar of Xom.
  3364 | D:2      | Found an iron altar of Okawaru.
  3424 | D:4      | Found Mileh's Armour Shoppe.
  3644 | D:4      | Noticed a phantom
  3666 | D:4      | Killed a phantom
  3667 | D:4      | Reached skill level 5 in Unarmed Combat
  3667 | D:4      | Reached XP level 5. HP: 21/34 MP: 5/8
  3954 | D:4      | Reached XP level 6. HP: 21/39 MP: 8/10
  3959 | D:4      | Learned a level 4 spell: Ice Form
  4843 | D:5      | Entered Level 5 of the Dungeon
  4902 | D:5      | Found a blossoming altar of Fedhas.
  5026 | D:5      | Found a sacrificial altar of Ru.
  5541 | D:5      | Reached XP level 7. HP: 11/45 MP: 7/11
  5559 | D:5      | Reached skill level 6 in Unarmed Combat
  5760 | D:5      | Reached skill level 1 in Ice Magic
  6361 | D:5      | Reached skill level 7 in Unarmed Combat
  6747 | D:6      | Noticed Sigmund
  6768 | D:6      | Reached XP level 8. HP: 44/51 MP: 12/12
  7605 | D:6      | Noticed Prince Ribbit
  7889 | D:6      | Found a staircase to the Ecumenical Temple.
  7900 | Temple   | Entered the Ecumenical Temple
  7983 | Temple   | Became a worshipper of Cheibriados the Contemplative
  8268 | D:7      | Reached skill level 1 in Invocations
  8363 | D:7      | Noticed Maggie
  8372 | D:7      | Found Bifuhaf's Jewellery Boutique.
  8414 | D:7      | Reached XP level 9. HP: 49/58 MP: 9/13
  8565 | D:7      | Reached skill level 5 in Transmutations
  8567 | D:7      | Reached * piety under Cheibriados
  8804 | D:7      | Reached skill level 8 in Unarmed Combat
  9826 | D:7      | Reached ** piety under Cheibriados
 10415 | D:8      | Noticed a two-headed ogre
 10427 | D:8      | Killed a two-headed ogre
 10428 | D:8      | Reached skill level 5 in Fighting
 10428 | D:8      | Reached skill level 9 in Unarmed Combat
 10687 | D:8      | Noticed a kobold demonologist
 10688 | D:8      | Found a transporter.
 10688 | D:8      | Noticed a kobold demonologist
 10719 | D:8      | Found a transporter.
 10852 | D:8      | Reached XP level 10. HP: 66/66 MP: 14/14
 10942 | D:8      | Found a hide-covered altar of Uskayaw.
 10943 | D:8      | Found a glowing golden altar of the Shining One.
 10962 | D:8      | Found a hazy altar of Hepliaklqana.
 10968 | D:8      | Found an ornate altar of the Wu Jian Council.
 11667 | D:8      | Reached *** piety under Cheibriados
 11714 | D:8      | Found a broken altar of Ashenzari.
 11902 | D:8      | Found a staircase to the Lair.
 11910 | D:8      | HP: 1/79 [electric eel/bolt of electricity (10)]
 11910 | D:8      | Killed from afar by an electric eel

Illustrated notes

Levels and vault maps discovered:
D:1:      saegor_arrival_miasma, layout_rooms, serial_rivers,
          chequers_serial_rivers_room_a, chequers_serial_rivers_micro_e,
          chequers_serial_rivers_micro_b, chequers_serial_rivers_micro_b,
          chequers_serial_rivers_room_a, chequers_serial_rivers_large_a,
          chequers_serial_rivers_marsh, minmay_strange_pillars, chequers_jeans
D:2:      layout_basic, nicolae_overflow_hidden_temple,
          chequers_ecumenical_altar_simple, grunt_qazlal_clouds
D:3:      layout_basic, hex_intersection, st_stairs_6
D:4:      layout_basic, serial_shops, nicolae_shop_competitors_out_of_business
D:5:      layout_basic, nicolae_overflow_crystal_walls,
          kennysheep_decorative_pillar, fedhas_altar_1
D:6:      layout_cave_pools, minmay_temple_entry_sparse_star, uniq_sigmund,
          uniq_prince_ribbit1
D:7:      layout_cave_pods, serial_gnoll_camp, gnoll_camp_mini_hut,
          gnoll_camp_medium_01, gnoll_camp_medium_02, gnoll_camp_mini_shop,
          uniq_maggie
D:8:      gammafunk_wand_slinger, layout_cave_pods, minitemple,
          erik_lair_island, ashenzari_altar_1
Temple:   nicolae_temple_great_sept

Skill      XL: |  1  2  3  4  5  6  7  8  9 |
---------------+----------------------------+-----
Unarmed Combat | 4 5 7 9 |  9.8
Poison Magic   | 1 2 |  2.0
Fighting       | 2 3 5 |  5.2
Spellcasting   | 3 |  3.0
Transmutations | 3 4 6 |  6.2
Ice Magic      | 1 3 4 |  4.5
Dodging        | 3 4 |  4.0
Invocations    | 1 4 |  4.4

Action                   |  1- 3 |  4- 6 |  7- 9 | 10-12 || total
-------------------------+-------+-------+-------+-------++-------
Melee: Unarmed           |    92 |   134 |   300 |    37 ||   563
       Constrict         |    24 |    24 |    27 |     9 ||    84
       Tentacles         |    11 |    23 |    19 |    11 ||    64
       Kick              |     7 |     9 |     7 |       ||    23
       Punch             |     2 |     3 |     2 |     2 ||     9
Throw: Dart              |       |     5 |    22 |    22 ||    49
 Cast: Beastly Appendage |     7 |     7 |     7 |       ||    21
       Wereblood         |     1 |     1 |     3 |       ||     5
       Spider Form       |       |     3 |    21 |       ||    24
       Ice Form          |       |       |     2 |     3 ||     5
  Use: Scroll            |     6 |     4 |     8 |     2 ||    20
       Potion            |       |       |     5 |       ||     5
 Stab: Sleeping          |     9 |     1 |     4 |     1 ||    15
Armor: Skin              |    11 |     4 |    33 |     1 ||    49
Dodge: Dodged            |    62 |    77 |   356 |    33 ||   528
